AoeStats
← izinai

Arena

503921707Analyzed
1v1 RM · 1mo ago on Sep 3, 2026· 31m 40s· 2 players
Game mode
Random Map
Map size
Tiny (2 player)
Population
200
Speed
Normal
Resources
Standard
Victory
Conquest
Starting age
Dark Age
Ending age
Imperial Age
RankedLock teamsTeams togetherTeam positionsShared explorationLock speedFull tech treeHidden civsTurbo modeCheats
Victory
Defeat
🇦🇷 Saracens · Argentina
962
+18
🇨🇱 Chinese · Chile
1000
-55
nicolasur92
10:50 Feudal Age
16:16 Castle Age
14:37 Double-Bit Axe
14:40 Horse Collar
18:40 Bow Saw
21:05 Loom
21:52 Elite Skirmisher
22:59 Fletching
23:09 Padded Archer Armor
24:13 Pikeman
24:54 Squires
24:40 Gambesons
25:23 Leather Archer Armor
25:12 Scale Mail Armor
25:23 Forging
25:55 Heavy Plow
28:08 Thumb Ring
28:27 Fervor
29:34 Bodkin Arrow
izinai
11:11 Feudal Age
14:15 Double-Bit Axe
19:00 Castle Age
18:57 Padded Archer Armor
20:10 Thumb Ring
23:40 Bow Saw
24:09 Stone Mining
24:17 Fletching
24:59 Crossbowman
27:35 Bodkin Arrow
Connection lost

Rejoining the realm…

Still unreachable

The connection could not be restored.

Session expired

The server has moved on; the page needs a fresh start.